Map: Ley Lines

Players

TyrJose - Winner!

  • Race: Protoss Protoss
  • League: Diamond
  • Spawn Location: 7:00

IlIlIlIlIlII

  • Race: Terran Terran
  • League: Diamond
  • Spawn Location: 1:00

VOD

Have the link to the VOD?

Description

Time

  • Played on: July 29, 2025, 8:38 a.m.
  • Length: 12:21
Show
View Real Time Build Order
Export as new Build Order

TyrJose Protoss - Winner!

Build Orders: 1 Gate Expand, Blink Stalkers 

Get SALT Encoding   

  12  0:00  Probe  
  13  0:12  Probe  
  14  0:17  Pylon  
  14  0:24  Probe  
  15  0:35  Gateway  
  15  0:38  Probe  
  16  0:44  Assimilator  
  16  0:46  Probe  
  16  0:54  Probe  
  18  1:05  Probe  
  19  1:17  Probe  
  20  1:29  Nexus  
  20  1:40  Cybernetics Core  
  20  1:46  Probe  
  21  1:55  Pylon  
  21  1:58  Probe  
  21  2:00  Assimilator  
  22  2:04  Stalker  
  22  2:11  Probe  
  23  2:18  Warp Gate  
  25  2:23  Probe  
  26  2:32  Gateway  
  26  2:35  Probe  
  26  2:36  Stalker  
  29  2:47  Probe  
  29  2:48  Probe  
  31  2:57  Twilight Council  
  31  3:08  Probe x2  
  33  3:17  Stalker  
  33  3:19  Shield Battery  
  33  3:20  Probe x2  
  33  3:22  Stalker  
  39  3:28  Blink  
  39  3:32  Probe x2  
  41  3:51  Probe x2  
  43  4:03  Probe x2  
  45  4:15  Probe  
  46  4:34  Probe x2  
  46  4:49  Robotics Facility  
  46  4:51  Nexus  
  46  4:52  Pylon, Assimilator  
  46  4:53  Pylon  
  46  4:55  Pylon x2  
  46  4:56  Assimilator  
  46  5:10  Probe x2  
  48  5:19  Forge  
  48  5:23  Forge, Probe x2, Stalker x2  
  48  5:28  Charge  
  54  5:35  Probe x2  
  56  5:36  Observer  
  56  5:42  Robotics Bay  
  57  5:43  Protoss Ground Armor Level 1, Protoss Ground Weapons Level 1  
  57  5:47  Gateway  
  57  5:49  Probe x2  
  59  5:50  Gateway  
  59  5:52  Gateway  
  59  5:57  Pylon  
  59  6:03  Probe  
  60  6:04  Observer  
  60  6:07  Stalker  
  60  6:08  Stalker  
  65  6:12  Probe  
  66  6:19  Colossus  
  66  6:23  Probe x2  
  66  6:24  Probe  
  69  6:32  Extended Thermal Lance  
  75  6:35  Probe x2  
  75  6:36  Probe  
  75  6:37  Gateway  
  78  6:40  Shield Battery  
  78  6:41  Photon Cannon  
  78  6:47  Probe x2  
  78  6:48  Probe  
  81  6:59  Probe x2  
  81  7:00  Colossus, Probe  
  84  7:10  Observer, Assimilator  
  84  7:11  Probe x2  
  84  7:15  Assimilator  
  92  7:24  Pylon, Nexus  
  92  7:25  Protoss Ground Armor Level 2  
  92  7:26  Pylon, Protoss Ground Weapons Level 2  
  92  7:28  Pylon  
  92  7:34  Probe x3  
  95  7:44  Gateway  
  95  7:46  Probe x2  
  95  7:47  Templar Archives  
  95  7:50  Colossus  
  97  7:58  Shield Battery  
  103  7:59  Photon Cannon  
  103  8:00  Photon Cannon  
  103  8:07  Photon Cannon  
  103  8:08  Gateway  
  103  8:11  Photon Cannon  
  103  8:14  Probe  
  103  8:15  Shield Battery, Probe x2  
  106  8:20  Shield Battery  
  106  8:27  Probe  
  107  8:31  Shield Battery  
  107  8:32  Photon Cannon  
  107  8:33  Photon Cannon  
  106  8:35  Pylon  
  106  8:39  Probe  
  106  8:40  Probe  
  108  8:44  Probe  
  108  8:45  Psionic Storm  
  105  9:04  Immortal  
  105  9:08  Robotics Facility  
  105  9:09  Robotics Facility  
  103  9:13  Gateway x2  
  103  9:17  Pylon  
  103  9:20  Gateway, Zealot x3  
  103  9:21  Zealot x5  
  103  9:22  Pylon  
  103  9:23  Pylon  
  119  9:24  Probe x2  
  119  9:29  Assimilator  
  121  9:33  Assimilator  
  121  9:39  Nexus  
  121  9:40  Pylon  
  121  9:41  High Templar x2  
  121  9:42  High Templar  
  127  9:51  Stalker x4  
  127  9:52  Pylon, Stalker  
  127  9:59  Colossus, Pylon  
  121  10:09  Colossus  
  121  10:12  Immortal  
  121  10:13  Zealot x2  
  121  10:14  Zealot x5  
  143  10:22  Zealot x2  
  143  10:23  Zealot x2  
  133  10:38  Zealot x4  
  133  10:39  Zealot  
  129  10:44  Zealot  
  129  10:45  Zealot x2  
  134  10:51  Immortal  
  134  10:53  Stalker  
  134  10:54  Immortal  
  144  11:02  Stalker  
  144  11:03  Stalker x4  
  150  11:06  Stalker x3  
  144  11:30  Zealot x3  
  144  11:31  Zealot x5  
  143  11:39  Stalker  
  143  11:54  Nexus  
  143  11:58  High Templar x4  
  151  12:09  Zealot x2  
  154  12:18  Stargate  
  154  12:19  Stargate  
Show
View Real Time Build Order
Export as new Build Order

IlIlIlIlIlII Terran 

Build Orders:  

Get SALT Encoding   

  12  0:01  SCV  
  13  0:13  SCV  
  14  0:18  Supply Depot  
  14  0:26  SCV  
  15  0:39  SCV  
  15  0:42  Barracks  
  16  0:48  Refinery  
  16  0:51  SCV  
  16  0:56  Refinery  
  17  1:04  SCV  
  18  1:16  SCV  
  19  1:28  SCV  
  20  1:38  Marine  
  21  1:40  Orbital Command  
  21  1:43  Factory  
  21  1:58  Marine  
  22  2:07  Supply Depot  
  22  2:17  Barracks Reactor  
  22  2:18  Bunker  
  22  2:21  SCV  
  23  2:28  Factory Tech Lab  
  23  2:35  SCV  
  24  2:43  Command Center  
  24  2:47  SCV  
  24  2:51  Supply Depot  
  25  2:59  SCV  
  25  3:00  Siege Tank  
  25  3:05  Marine x2  
  31  3:12  SCV  
  32  3:15  Bunker  
  32  3:24  SCV  
  33  3:31  Supply Depot  
  33  3:33  Siege Tank  
  36  3:37  Marine x2, SCV  
  39  3:56  Marine x2  
  41  4:06  Orbital Command  
  41  4:08  SCV  
  42  4:16  Marine x2  
  43  4:26  Siege Tank  
  46  4:33  Marine  
  46  4:34  Marine  
  46  4:37  SCV  
  49  4:51  Marine x2  
  51  4:53  Command Center  
  51  4:55  Bunker  
  51  5:09  Starport, SCV  
  51  5:10  SCV  
  51  5:12  Factory Reactor  
  53  5:17  Barracks  
  53  5:20  Stimpack  
  53  5:21  SCV  
  53  5:22  SCV  
  55  5:34  Barracks, SCV x2  
  57  5:46  SCV x2  
  57  5:48  Marine  
  60  5:58  SCV x2  
  60  6:03  Engineering Bay  
  62  6:14  SCV  
  62  6:15  SCV  
  62  6:16  Orbital Command, Factory Tech Lab  
  63  6:26  SCV  
  63  6:27  SCV  
  63  6:28  Barracks Tech Lab, Medivac x2  
  63  6:31  Marine  
  70  6:35  Missile Turret  
  70  6:36  Siege Tank  
  70  6:37  Marine  
  70  6:39  SCV  
  75  6:43  Supply Depot, SCV  
  76  6:48  Barracks  
  76  6:50  SCV  
  77  6:57  Barracks, SCV x2  
  77  7:01  Refinery  
  79  7:02  Refinery  
  79  7:03  SCV  
  79  7:06  Supply Depot, Terran Infantry Weapons Level 1  
  79  7:07  Marine  
  81  7:08  Supply Depot  
  81  7:09  Marauder, SCV x2  
  81  7:15  SCV  
  86  7:20  Missile Turret  
  87  7:22  SCV  
  87  7:23  SCV  
  87  7:24  Marine, Medivac x2  
  87  7:28  Marine x2, SCV  
  96  7:36  Marauder  
  98  7:39  Supply Depot  
  98  7:42  Marine, Siege Tank  
  98  7:43  Marine  
  103  7:46  Marine x2  
  103  7:49  Barracks Reactor  
  105  7:56  Marine  
  105  7:57  Medivac  
  108  8:01  Medivac  
  108  8:04  Supply Depot  
  108  8:05  Marauder, Marine  
  112  8:06  Marine  
  112  8:07  Supply Depot, Concussive Shells  
  112  8:11  Marine  
  112  8:12  Combat Shield  
  115  8:14  Marine  
  115  8:15  Supply Depot  
  116  8:26  Marine x2, Siege Tank  
  116  8:27  Marauder, Marine x2  
  120  8:33  Marauder  
  127  8:40  Marine  
  125  8:52  Liberator  
  125  8:53  Liberator  
  125  8:55  Marauder  
  133  8:58  Marine x2  
  133  8:59  Barracks Tech Lab, Marine  
  133  9:02  Orbital Command  
  136  9:06  Marauder, Marine  
  139  9:16  Marauder  
  141  9:18  Marine x3  
  141  9:19  Marauder  
  141  9:22  SCV  
  141  9:23  SCV  
  141  9:24  Marine  
  148  9:27  Marauder  
  151  9:34  SCV  
  151  9:35  SCV x2  
  151  9:36  Marine  
  155  9:44  Marine  
  155  9:45  Marine  
  157  9:47  SCV  
  125  10:08  Marine x4  
  125  10:09  Marauder x2, Marine  
  102  10:43  Marine x4  
  102  10:44  Marauder x2  
  102  10:47  Marine  
  102  10:48  Siege Tank  
  112  10:55  Bunker  
  107  11:00  Supply Depot  
  107  11:01  Marine x2  
  109  11:13  Command Center  
  109  11:14  Marine  
  59  11:41  Marine  
  59  11:42  Marauder, Marine x2  
  59  11:43  Marauder x2  
  57  11:51  Marine  
  58  11:59  Marine x2  
Tags
 
Add a new tag
Caveats
  • Supply blocks, unpowered buildings, or Contaminate may cause inaccurate times.
  • Supply counts are checked every 10 seconds.